 Dungeon Crawl Stone Soup version 0.29.1-2-gbd0b4ee654 (webtiles) character file.

Game seed: 15594187669255163141

2765 KittyFluff the Cruncher (level 9, -2/55 HPs)
             Began as a Gargoyle Berserker on Nov 1, 2022.
             Was a Priest of Trog.
             Slain by a killer bee (6 damage)
             ... on level 8 of the Dungeon.
             The game lasted 00:36:18 (9653 turns).

KittyFluff the Cruncher (Gargoyle Berserker)        Turns: 9653, Time: 00:36:18

Health: -2/55      AC: 12    Str: 20    XL:     9   Next: 69%
Magic:  9/9        EV: 12    Int:  9    God:    Trog [***...]
Gold:   374        SH:  0    Dex: 13    Spells: 8/8 levels left

rFire   + . .      SeeInvis +   s - +0 quarterstaff
rCold   . . .      Faith    .   (shield currently unavailable)
rNeg    + . .      Spirit   .   j - +1 leather armour {rF+}
rPois   ∞          Reflect  .   v - +0 helmet
rElec   +          Harm     .   (no cloak)
rCorr   .          Rampage  .   (no gloves)
Will    .....                   (no boots)
Stlth   ++........              (no amulet)
HPRegen 0.18/turn               q - ring of see invisible
MPRegen 0.11/turn               (no ring)

@: no status effects
A: sickness immunity, AC +6, negative energy resistance 1, electricity
resistance, torment resistance 1, petrification resistance
a: Renounce Religion, Berserk, Trog's Hand


You were on level 8 of the Dungeon.
You worshipped Trog.
Trog was most pleased with you.
You visited 1 branch of the dungeon, and saw 8 of its levels.

You collected 374 gold pieces.

Inventory:

Hand Weapons
 a - a +0 mace
 s - a +0 quarterstaff (weapon)
 t - a +0 vorpal sling
 y - a +0 quarterstaff
Missiles
 d - 3 javelins
 h - 7 boomerangs (quivered)
 x - 19 poisoned darts
Armour
 j - a +1 leather armour of fire resistance (worn)
 v - a +0 helmet (worn)
Jewellery
 q - a ring of see invisible (left hand)
Wands
 b - a wand of roots (8)
 r - a wand of polymorph (4)
Scrolls
 e - 9 scrolls of teleportation
 f - a scroll of poison {unknown}
 i - a scroll of acquirement {unknown}
 l - a scroll of immolation
 n - a scroll of enchant weapon {unknown}
 o - a scroll of vulnerability {unknown}
 u - a scroll of blinking {unknown}
 w - a scroll of fear {unknown}
 A - a scroll of brand weapon {unknown}
Potions
 c - 3 potions of heal wounds
 g - 4 potions of lignification
 k - 5 potions of curing
 p - a potion of might
 z - a potion of mutation {unknown}
 C - a potion of ambrosia


   Skills:
 + Level 5.9 Fighting
 + Level 5.7(8.0) Maces & Flails
 * Level 8.5(9.3) Staves
 + Level 0.1 Throwing
 * Level 6.1 Armour
 + Level 3.6 Dodging
 + Level 2.2 Stealth
 + Level 0.1 Unarmed Combat


You had 8 spell levels left.
You didn't know any spells.
Your spell library was empty.

Dungeon Overview and Level Annotations

Branches:
Dungeon (8/15)             Temple (0/1) D:4
   Lair: D:8-11

Altars:
Ashenzari
Dithmenos
Kikubaaqudgha
Ru
Uskayaw
Vehumet
Yredelemnul
The Shining One

Shops:
D:6 *


Innate Abilities, Weirdness & Mutations

You are immune to sickness and miasma.
Your stone body is resilient. (AC +6)
You are immune to poison.
You resist negative energy. (rN+)
You are resistant to electric shocks. (rElec)
You are resistant to unholy torment.
You are immune to petrification.


Message History

Your butterfly disappears in a burst of colours!
A killer bee comes into view.
The wyvern completely misses you.
You hit the wyvern.
The wyvern is lightly wounded.
Your butterfly disappears in a burst of colours!
The wyvern bites you.
You hit the wyvern.
The wyvern is moderately wounded.
Your butterfly disappears in a burst of colours!
The killer bee stings you but does no damage.
The wyvern closely misses you. The killer bee stings you.
The killer bee closely misses you. The wyvern bites you!
You hit the wyvern but do no damage.
The wyvern is moderately wounded.
The killer bee stings you.
The killer bee stings you but does no damage.
The killer bee stings you. The killer bee closely misses you.
The wyvern barely misses you.
The killer bee stings you but does no damage.
The killer bee closely misses you.
The killer bee stings you but does no damage.
The killer bee stings you.
As you read the scroll of butterflies, it crumbles to dust.
You hear the tinkle of a tiny bell.
The killer bee closely misses you.
The killer bee stings you but does no damage.
The killer bee stings you.
* * * LOW HITPOINT WARNING * * *
The killer bee stings you!
* * * LOW HITPOINT WARNING * * *
The wyvern closely misses you. The killer bee misses your butterfly.
The killer bee stings you.
* * * LOW HITPOINT WARNING * * *
The killer bee stings you.
* * * LOW HITPOINT WARNING * * *
The killer bee barely misses you. The killer bee closely misses you.
You thump the killer bee!
The killer bee is heavily wounded.
The wyvern barely misses you. The killer bee stings you.
You die...

.# #.... ## #.....## .#
##......# b# #...b...#
.## ##.......## ..#
#.......b.#
b.#####........b## #
..b##........b..b##..#
##bb.........byy@y.b#
##..###........yly.b#
#..## ###.....b.yb......
#..# ##....b....b....
...# ##............# ...#
#............# #..##
#............## ##..###
#....#..........###......
#....##... ............


You could see a wyvern and 6 killer bees.

Vanquished Creatures
  A two-headed ogre (D:8)
  A komodo dragon (D:6)
  A water moccasin (D:6)
  A black bear (D:7)
  An ogre (D:5)
  A phantom (D:5)
  The ghost of jujuben the Gusty, an amateur OpAE (D:3)
  A kobold brigand (D:7)
  A necrophage (D:5)
  2 bullfrogs
  3 scorpions (D:6)
  4 wights
  3 killer bees (D:6)
  2 hounds (D:5)
  2 jellies (D:6)
  5 orc priests
  An iguana (D:7)
  2 orc wizards
  9 gnolls
  14 adders
  3 white imps (D:5)
  An ufetubus (D:4)
  2 worms (D:3)
  5 dart slugs
  33 orcs
  2 bats (D:1)
  5 endoplasms
  2 giant cockroaches
  10 goblins
  11 hobgoblins
  4 jackals (D:3)
  2 quokkas
  9 ball pythons
  2 frilled lizards
  11 kobolds
  9 rats
167 creatures vanquished.

Vanquished Creatures (others)
  A plant (D:5)
1 creature vanquished.

Grand Total: 168 creatures vanquished

Notes
Turn   | Place    | Note
-------+----------+-------------------------------------------
     0 | D:1      | KittyFluff the Gargoyle Berserker began the quest for the
                  | Orb.
     0 | D:1      | Reached XP level 1. HP: 14/14 MP: 1/1
   278 | D:1      | Reached XP level 2. HP: 19/19 MP: 2/2
   723 | D:1      | Reached XP level 3. HP: 22/24 MP: 3/3
  1289 | D:2      | Reached XP level 4. HP: 5/29 MP: 4/4
  1656 | D:2      | Reached ** piety under Trog
  2031 | D:2      | Found a shadowy altar of Dithmenos.
  2128 | D:3      | Found a radiant altar of Vehumet.
  2374 | D:3      | Found a broken altar of Ashenzari.
  2417 | D:3      | Found a faded altar of an unknown god.
  2539 | D:3      | Reached XP level 5. HP: 22/33 MP: 5/5
  2980 | D:3      | Reached skill level 1 in Stealth
  3075 | D:3      | Reached XP level 6. HP: 15/38 MP: 6/6
  3300 | D:3      | Found a large runed translucent door.
  3300 | D:3      | Found a large runed translucent door.
  3303 | D:3      | Noticed jujuben's ghost (amateur OpAE)
  3315 | D:3      | Killed jujuben's ghost
  3316 | D:3      | Reached skill level 5 in Maces & Flails
  3925 | D:4      | Found a basalt altar of Yredelemnul.
  3929 | D:4      | Found a hide-covered altar of Uskayaw.
  3938 | D:4      | Reached *** piety under Trog
  4421 | D:4      | Reached XP level 7. HP: 26/44 MP: 7/7
  4563 | D:4      | Found a sacrificial altar of Ru.
  4634 | D:4      | Found a staircase to the Ecumenical Temple.
  4721 | D:4      | Found an ancient bone altar of Kikubaaqudgha.
  4986 | D:5      | Entered Level 5 of the Dungeon
  5279 | D:5      | Reached skill level 1 in Staves
  5310 | D:5      | Found a glowing golden altar of the Shining One.
  5477 | D:5      | Reached skill level 2 in Staves
  5887 | D:5      | Reached skill level 3 in Staves
  6143 | D:5      | Reached XP level 8. HP: 47/48 MP: 8/8
  6242 | D:5      | Reached skill level 4 in Staves
  6298 | D:5      | Reached skill level 5 in Fighting
  6447 | D:6      | Reached skill level 5 in Armour
  6637 | D:6      | Found Jicany's Assorted Antiques.
  7231 | D:6      | Reached skill level 5 in Staves
  7494 | D:6      | Reached **** piety under Trog
  7569 | D:7      | Noticed a komodo dragon
  7582 | D:6      | Killed a komodo dragon
  7583 | D:6      | Reached skill level 6 in Staves
  7748 | D:7      | Reached XP level 9. HP: 40/54 MP: 9/9
  7976 | D:6      | Reached skill level 7 in Staves
  9559 | D:8      | Noticed a two-headed ogre
  9566 | D:8      | Killed a two-headed ogre
  9567 | D:8      | Reached skill level 8 in Staves
  9653 | D:8      | Slain by a killer bee

Illustrated notes

Levels and vault maps discovered:
D:1:      sevenhm_arrival_forest_fort_small_5, layout_loops_corners,
          minmay_split_cup_small
D:2:      layout_loops_cross, basic_altar
D:3:      minmay_recursive_quarters, layout_loops_cross,
          mainiacjoe_overflow_small_starburst, ashenzari_conservatory_becter,
          ebering_ghost_disaster_area, shapermc_ecumenical_altar_ellora,
          minmay_snake_closets
D:4:      layout_loops_cross, mainiacjoe_overflow_catwalk,
          chequers_temple_overflow_statue_of_worship,
          nicolae_kikubaaqudgha_miasma_corner, minmay_temple_entry_glassed_door,
          wad_orctagon
D:5:      corexii_shack_village, layout_basic, lemuel_tele_altar,
          minmay_statues_item, corexii_hall_statues_i
D:6:      layout_layer_cave, serial_shops, shop
D:7:      layout_basic
D:8:      layout_layer_cave, gammafunk_ghost_hive, enter_bailey_2

Skill      XL: |  1  2  3  4  5  6  7  8  9 |
---------------+----------------------------+-----
Fighting       | 4 5 |  5.9
Maces & Flails | 4 5 |  5.7
Dodging        | 2 3 |  3.6
Armour         | 3 4 5 6 |  6.1
Stealth        | 1 2 |  2.2
Staves         | 3 6 8 |  8.5
Throwing       | |  0.1
Unarmed Combat | |  0.1

Action                   |  1- 3 |  4- 6 |  7- 9 || total
-------------------------+-------+-------+-------++-------
Melee: Mace              |    69 |   232 |     8 ||   309
       Punch             |     1 |     5 |       ||     6
       Unarmed           |       |     2 |       ||     2
       Quarterstaff      |       |       |   331 ||   331
Throw: Boomerang         |       |       |     3 ||     3
Invok: Berserk           |     2 |     3 |     4 ||     9
  Use: Scroll            |       |     6 |     5 ||    11
 Stab: Sleeping          |       |     2 |       ||     2
Armor: Animal skin       |    32 |    63 |       ||    95
       Leather armour    |       |    30 |   136 ||   166
Dodge: Dodged            |    50 |   158 |   219 ||   427
